 Dungeon Crawl Stone Soup version 0.30-a0-718-geaa24f58ff (webtiles) character file.

Game seed: 7586461314679574694

1262 BigDaddyOpFi the Trooper (level 8, 0/66 (71) HPs)
             Began as a Hill Orc Fighter on Jan 25, 2023.
             Was a Follower of Beogh.
             Slain by a wight
             ... wielding a +3 hand axe
              (1 damage)
             ... while paralysed by Grinder
             ... on level 6 of the Dungeon.
             The game lasted 00:05:24 (3915 turns).

BigDaddyOpFi the Trooper (Hill Orc Fighter)         Turns: 3915, Time: 00:05:25

HP:   0/66 (71)     AC: 11    Str: 21    XL:     8   Next: 52%
MP:   11/11         EV: -1    Int: 11    God:    Beogh [*.....]
Gold: 377           SH:  0    Dex: 10    Spells: 7/7 levels left

rFire   . . .      SeeInvis .    h - +7 demon blade "Icug" {drain, rN+ Int+3}
rCold   + . .      Faith    .    c - +0 buckler
rNeg    + . .      Spirit   .    k - +0 chain mail
rPois   .          Reflect  .    u - +0 helmet
rElec   .          Harm     .    (no cloak)
rCorr   .          Rampage  .    (no gloves)
Will    .....                    (no boots) Stlth
                                 l - amulet of magic regeneration
HPRegen 0.31/turn                v - ring of protection from cold
MPRegen 0.52/turn                (no ring)

@: paralysed, grasped by roots, constricted, drained
A: no striking features
a: Renounce Religion


You were on level 6 of the Dungeon.
You worshipped Beogh.
Beogh was aware of your devotion.
You visited 1 branch of the dungeon, and saw 6 of its levels.

You collected 377 gold pieces.

Inventory:

Hand Weapons
 a - a +0 war axe
 h - the +7 demon blade "Icug" (weapon) {drain, rN+ Int+3}
   (You acquired it on level 3 of the Dungeon)

   Int:       It affects your intelligence (+3).
   rN:        It protects you from negative energy.
 i - a +0 eveningstar
Armour
 c - a +0 buckler (worn)
 k - a +0 chain mail (worn)
 u - a +0 helmet (worn)
Jewellery
 l - an amulet of magic regeneration (around neck)
 v - a ring of protection from cold (left hand)
Wands
 o - a wand of flame (4)
 s - a wand of digging (2)
Scrolls
 b - 3 scrolls of identify
 e - 3 scrolls of teleportation
 g - a scroll of fear
 p - a scroll of blinking
 q - a scroll of silence
 r - a scroll of summoning
Potions
 d - 3 potions of might
 f - a potion of invisibility {unknown}
 j - 2 potions of lignification
 m - 2 potions of flight {unknown}
 n - a potion of ambrosia {unknown}
 t - 2 potions of attraction {unknown}


   Skills:
 + Level 6.6 Fighting
 - Level 3.6(5.0) Axes
 + Level 4.3(4.8) Maces & Flails
 + Level 6.0 Armour
 + Level 6.1 Shields
 * Level 4.5 Invocations


You had 7 spell levels left.
You didn't know any spells.
Your spell library was empty.

Dungeon Overview and Level Annotations

Branches:
Dungeon (6/15)
 Temple: D:4-7

Altars:

Shops:
D:2 *   D:4 =

Annotations:
D:6 Grinder


Message History

The wight is heavily damaged.
The wight hits you with a +3 hand axe! You partially resist.
You feel drained.
You hit the wight.
The wight is heavily damaged.
The wight hits you but does no damage.
You hit the wight but do no damage.
The wight is heavily damaged.
Grinder comes into view.
She is carrying a wand of roots (11).
The wight hits you with a +3 hand axe! You partially resist.
You feel drained.
You hit the wight.
The wight is almost destroyed.
The wight hits you with a +3 hand axe. You partially resist.
You feel drained. The ogre barely misses you.
Grinder blinks!
The wight hits you but does no damage.
You barely miss the wight.
The wight is almost destroyed.
The ogre hits you with a +0 giant club! The wight closely misses you.
You are too injured to fight recklessly!
You slash the ogre!
The ogre is moderately wounded.
The wight barely misses you. The ogre hits you with a +0 giant club!
* * * LOW HITPOINT WARNING * * *
You slash the ogre!
The ogre is heavily wounded.
Grinder zaps a wand.
The roots erupt in riotous growth!
The grasping roots grab you!
The ogre is unaffected.
The wight is unaffected.
The grasping roots constrict you.
* * * LOW HITPOINT WARNING * * *
The wight barely misses you. The ogre hits you but does no damage.
Grinder gestures at you.
You suddenly lose the ability to move!
The grasping roots constrict you.
* * * LOW HITPOINT WARNING * * *
The wight hits you but does no damage. The grasping roots constrict you.
* * * LOW HITPOINT WARNING * * *
The wight hits you with a +3 hand axe!
* * * LOW HITPOINT WARNING * * *
You partially resist.
You feel drained.
You die...

..## ##..........รท....
....###................
..............#.......
...#.............#.... .
. #...))..####..#....
... ##........##........
....#.........##.<......
...........).###########
>...#..@...#.#
...##.Oz......8 ..
#............ .
........5.....
###..........8
#..........#
......##...# ..##....
...#


You could see Grinder, an ogre and a wight.

Vanquished Creatures
  Prince Ribbit (D:6)
  Sigmund (D:3)
  Menkaure (D:5)
  A water moccasin (D:6)
  A necrophage (D:5)
  2 wights (D:6)
  A howler monkey (D:5)
  2 hounds
  An orc priest (D:3)
  3 jellies
  Ijyb (D:5)
  2 iguanas (D:5)
  3 orc wizards
  A gnoll (D:1)
  7 adders
  A white imp (D:5)
  3 worms
  6 dart slugs
  12 orcs
  8 ball pythons
  7 endoplasms
  7 giant cockroaches
  5 goblins
  8 hobgoblins
  2 jackals (D:5)
  4 kobolds
  2 quokkas (D:4)
  7 bats
  4 frilled lizards
  A rat (D:1)
105 creatures vanquished.

Notes
Turn   | Place    | Note
-------+----------+-------------------------------------------
     0 | D:1      | BigDaddyOpFi the Hill Orc Fighter began the quest for the
                  | Orb.
     0 | D:1      | Reached XP level 1. HP: 19/19 MP: 1/1
   116 | D:1      | Reached XP level 2. HP: 23/27 MP: 2/2
   136 | D:1      | Found a faded altar of an unknown god.
   252 | D:1      | You fall into a shaft and drop 1 floor!
   349 | D:1      | Reached XP level 3. HP: 33/33 MP: 3/3
  1193 | D:2      | Reached XP level 4. HP: 36/40 MP: 4/4
  1350 | D:2      | Found Vucop's Assorted Antiques.
  1567 | D:3      | Identified a scroll of acquirement
  1567 | D:3      | Acquired the +7 demon blade "Icug" {drain, rN+ Int+3}
  1790 | D:3      | Reached skill level 1 in Maces & Flails
  1790 | D:3      | Reached XP level 5. HP: 44/47 MP: 5/5
  1897 | D:3      | Became a worshipper of Beogh the Brigand
  1898 | D:3      | Noticed Sigmund
  1915 | D:3      | Killed Sigmund
  1916 | D:3      | Reached skill level 5 in Fighting
  1916 | D:3      | Reached XP level 6. HP: 31/56 MP: 6/6
  2026 | D:3      | Found a glowing drain.
  2292 | D:4      | Found Emina's Jewellery Shop.
  2385 | D:4      | Reached skill level 5 in Shields
  2556 | D:4      | Reached * piety under Beogh
  2749 | D:5      | Entered Level 5 of the Dungeon
  2794 | D:5      | Reached skill level 5 in Armour
  2794 | D:5      | Reached XP level 7. HP: 42/61 MP: 7/7
  2901 | D:5      | Noticed Ijyb
  2915 | D:5      | Killed Ijyb
  3089 | D:5      | Reached skill level 1 in Invocations
  3238 | D:5      | Noticed Menkaure
  3247 | D:5      | Killed Menkaure
  3563 | D:6      | Reached XP level 8. HP: 67/70 MP: 8/10
  3628 | D:6      | Noticed Prince Ribbit
  3643 | D:6      | Killed Prince Ribbit
  3910 | D:6      | Noticed Grinder
  3914 | D:6      | Paralysed by Grinder for 4 turns
  3915 | D:6      | HP: 1/68 [wight/+3 hand axe (7)]
  3915 | D:6      | Slain by a wight

Illustrated notes

Levels and vault maps discovered:
D:1:      dpeg_arrival_solitude, layout_basic,
          hellmonk_ecumenical_altar_heavens_door,
          chequers_serial_rivers_micro_a, grunt_decor_cap, minmay_ruptured
D:2:      layout_rooms, serial_shops, shop, kennysheep_potato
D:3:      layout_basic, gup_sewer_entry_glass, uniq_sigmund
D:4:      cheibrodos_helix_gallery, layout_loops_cross,
          minmay_shop_enchanted_jewellery
D:5:      layout_basic, uniq_ijyb, uniq_menkaure
D:6:      layout_cave_pools, minitemple, minmay_misc_feat_cross,
          hangedman_decor_points, minmay_misc_feat_hallway, nicolae_sextant,
          uniq_grinder, uniq_prince_ribbit1

Skill      XL: |  1  2  3  4  5  6  7  8 |
---------------+-------------------------+-----
Axes           | 3 |  3.6
Fighting       | 4 5 6 |  6.6
Shields        | 4 5 6 |  6.1
Armour         | 4 5 6 |  6.0
Maces & Flails | 1 2 3 4 |  4.3
Invocations    | 2 4 |  4.5

Action                     |  1- 3 |  4- 6 |  7- 9 || total
---------------------------+-------+-------+-------++-------
  Melee: War axe           |   109 |    11 |       ||   120
         Eveningstar       |       |    23 |       ||    23
         Demon blade       |       |    81 |    80 ||   161
 Invoke: Convert to Beogh  |       |     1 |       ||     1
    Use: Scroll            |     3 |     3 |     4 ||    10
 Armour: Scale mail        |    48 |       |       ||    48
         Chain mail        |    24 |    70 |    41 ||   135
  Dodge: Dodged            |    55 |    39 |    24 ||   118
  Block: Buckler           |    26 |    33 |    21 ||    80

Table legend: (Time is in decaauts)
 A = Elapsed time spent in this place.
 B = Non-inter-level travel time spent in this place.
 C = Inter-level travel time spent in this place.
 D = Time resting spent in this place.
 E = Time spent auto-exploring this place.
 F = Levels seen in this place.
 G = Mean time per level.
                   A        B        C        D        E       F      G
               +--------+--------+--------+--------+--------+-----+--------+
         Total |   4023 |   3887 |    136 |    255 |   2839 |   6 |  670.5 |
       Dungeon |   4023 |   3887 |    136 |    255 |   2839 |   6 |  670.5 |
               +--------+--------+--------+--------+--------+-----+--------+

Top non-repeatable levels by time:
     D:1: 1140 daAuts
     D:5: 805 daAuts
     D:3: 719 daAuts
     D:4: 529 daAuts
     D:2: 437 daAuts
     D:6: 390 daAuts
